 Dungeon Crawl Stone Soup version 0.22-a0-855-g415d086bb8 (webtiles) character file.

22 IcyTea the Stinger (level 2, -1/19 HPs)
             Began as a Demonspawn Venom Mage on July 27, 2018.
             Slain by an adder (2 damage)
             ... on level 2 of the Dungeon.
             The game lasted 00:04:11 (1204 turns).

IcyTea the Stinger (Demonspawn Venom Mage)          Turns: 1204, Time: 00:04:11

Health: -1/19      AC:  3    Str:  8    XL:     2   Next: 68%
Magic:  0/5        EV: 12    Int: 16    God:
Gold:   127        SH:  0    Dex: 13    Spells: 3/5 levels left

rFire    + . .     SeeInvis .   i - +0 spear
rCold    . . .     Gourm    .   (no shield)
rNeg     . . .     Faith    .   a - +0 robe
rPois    .         Spirit   .   (no helmet)
rElec    .         Reflect  .   (no cloak)
rCorr    .         Harm     .   (no gloves)
MR       .....                  (no boots)
Stlth    ++........             (no amulet)
HPRegen  0.06/turn              f - ring of protection from fire
MPRegen  0.09/turn              (no ring)

@: lethally poisoned (-1 -> -3), very slightly contaminated
A: rugged brown scales 1
a: no special abilities


You were on level 2 of the Dungeon.
You were very hungry.

You visited 1 branch of the dungeon, and saw 2 of its levels.

You collected 127 gold pieces.

Inventory:

Hand Weapons
 i - a +0 spear (weapon)
Armour
 a - a +0 robe (worn)
Jewellery
 f - a ring of protection from fire (left hand)
Scrolls
 b - 2 scrolls of identify
Comestibles
 c - 3 rations


   Skills:
 - Level 1.7 Dodging
 - Level 1.7 Stealth
 - Level 2.0 Spellcasting
 - Level 1.0 Conjurations
 + Level 4.0 Poison Magic


You had 3 spell levels left.
You knew the following spells:

 Your Spells              Type           Power        Failure   Level  Hunger
a - Sting                 Conj/Pois      #...         8%          1    #......
b - Summon Small Mammal   Summ           #...         21%         1    #......

Your spell library contained the following spells:

 Spells                   Type           Power        Failure   Level  Hunger
 Apportation              Tloc           #.....       21%         1    #......
 Mephitic Cloud           Conj/Pois/Air  #.......     30%         3    ###....
 Venom Bolt               Conj/Pois      #.........   90%         5    ######.
 Olgreb's Toxic Radiance  Pois           ##......     36%         4    #####..
 Animate Skeleton         Necr           N/A          21%         1    #......
 Confusing Touch          Hex            #.....       21%         1    #......
 Poisonous Vapours        Pois/Air       #.....       14%         2    ###....


Dungeon Overview and Level Annotations

Branches:
Dungeon (2/15)

Altars:
Kikubaaqudgha


Innate Abilities, Weirdness & Mutations

You are partially covered in rugged brown scales. (AC +1, +3% HP)


Message History

Aiming: Sting (safe; 8% risk of failure)
Press: ? - help, Shift-Dir - straight line, f - adder
Aim: an adder (moderately wounded, poisoned)
The sting hits the adder.
The adder is moderately wounded.
The adder looks more healthy.
The adder barely misses you.
You hit the adder.
The adder is heavily wounded.
The adder barely misses you. The adder closely misses you.
You miss the adder.
The adder is heavily wounded.
* * * LOW HITPOINT WARNING * * *
You feel sick. The adder closely misses you.
You miss the adder.
The adder is heavily wounded.
The adder barely misses you.
You hit the adder.
The adder is almost dead.
The adder closely misses you. The adder bites you.
You die...

##.#...P.##.._.#..#
##.####
#.....P...#....#..#
#....#
....##.......$.#..#
####(#
.#####.P.P...#.#.##
#.# #....#.P...###.
#.#
.gg.##..#.......
#.#
.######.........
##.#
...........#######
#..#
...............S@#
#.##
########..########
#.# #..# ###.#
..... #<..# #.#####
#.### ... #.# ...
#.# ... ..# ###


You could see an adder.

Vanquished Creatures
  An adder (D:2)
  2 bats (D:1)
  2 goblins (D:1)
  3 hobgoblins (D:1)
  A frilled lizard (D:1)
  3 kobolds
  A rat (D:1)
13 creatures vanquished.

Notes
Turn   | Place    | Note
-------+----------+-------------------------------------------
     0 | D:1      | IcyTea the Demonspawn Venom Mage began the quest for the Orb.
     0 | D:1      | Reached XP level 1. HP: 13/13 MP: 3/3
   707 | D:1      | Gained mutation: You are partially covered in rugged brown scales. (AC +1, +3% HP) [demonic ancestry]
   707 | D:1      | Reached XP level 2. HP: 10/19 MP: 5/5
  1117 | D:2      | Learned a level 1 spell: Summon Small Mammal
  1141 | D:2      | Found an ancient bone altar of Kikubaaqudgha.
  1199 | D:2      | Reached skill level 4 in Poison Magic
  1204 | D:2      | Slain by an adder

Vault maps used:
D:1:      scummos_arrival_hexagon
D:2:      kiku_gazebo_garden_becter

Skill      XL: |  1  2 |
---------------+-------+-----
Poison Magic   | 4 |  4.0
Dodging        | |  1.7
Stealth        | |  1.7
Spellcasting   | |  2.0
Conjurations   | |  1.0

Action                   || total
-------------------------++-------
Melee: Spear             ||    27
       Short sword       ||     2
       Unarmed           ||     1
 Cast: Sting             ||    26
       Summon Small Mamm ||     3
  Use: Scroll            ||     4
       Potion            ||     3
Armor: Robe              ||     8
Dodge: Dodged            ||    33

Table legend:
 A = Spawn XP
 B = Non-spawn XP
 C = Spawn XP percentage of total XP
 D = Spawn monster count
 E = Non-spawn monster count
 F = Spawn count percentage of total count
 G = Total turns spent on level
                    A         B        C        D         E        F      G
               +---------+---------+-------+---------+---------+-------+---------
         Total |       0 |      32 |   0.0 |       0 |      13 |   0.0 |  1204
               +---------+---------+-------+---------+---------+-------+---------
           D:1 |       0 |      17 |   0.0 |       0 |      11 |   0.0 |  1112
           D:2 |       0 |      15 |   0.0 |       0 |       2 |   0.0 |    92
               +---------+---------+-------+---------+---------+-------+---------
